Map: Abiogenesis LE

Players

CinDra - Winner!

  • Race: Zerg Zerg
  • League: Platinum
  • Spawn Location: 5:00

DavidJChen

  • Race: Terran Terran
  • Spawn Location: 11:00

VOD

Have the link to the VOD?

Description

Time

  • Played on: March 20, 2018, 11:05 p.m.
  • Length: 19:01
Show
View Real Time Build Order
Export as new Build Order

CinDra Zerg - Winner!

Build Orders: Hatch First, Muta Ling Bane 

Get SALT Encoding   

  12  0:01  Drone  
  13  0:13  Overlord  
  13  0:17  Drone  
  14  0:31  Drone x2  
  14  0:35  Drone  
  17  0:55  Drone, Hatchery  
  17  1:02  Drone  
  18  1:09  Extractor  
  17  1:16  Drone, Spawning Pool  
  17  1:19  Drone  
  18  1:31  Drone  
  19  1:39  Overlord  
  19  1:52  Drone  
  20  2:03  Queen  
  20  2:04  Zergling x2  
  23  2:09  Queen  
  23  2:10  Zergling x2  
  23  2:11  Drone  
  23  2:13  Metabolic Boost  
  26  2:37  Drone  
  26  2:38  Drone x3  
  26  2:42  Queen  
  32  2:49  Queen  
  33  2:53  Drone x3  
  36  3:00  Overlord, Baneling Nest  
  36  3:01  Drone  
  36  3:22  Drone x8  
  44  3:27  Overlord  
  44  3:29  Zergling x2  
  43  3:47  Drone  
  44  3:52  Extractor  
  42  4:03  Zergling x16  
  42  4:08  Queen  
  52  4:22  Baneling x3  
  52  4:40  Hatchery  
  52  4:43  Zergling x2  
  52  4:44  Overlord x2  
  52  5:00  Overlord x2  
  52  5:02  Zergling x22  
  62  5:24  Drone x4  
  62  5:28  Extractor  
  65  5:29  Extractor  
  65  5:31  Drone  
  65  5:34  Evolution Chamber x2, Lair  
  64  5:35  Drone  
  64  5:44  Drone  
  65  5:53  Drone x5  
  65  5:55  Drone x3  
  73  6:03  Zerg Melee Weapons Level 1  
  73  6:04  Zerg Ground Armor Level 1  
  73  6:07  Zergling x4  
  73  6:08  Zergling x2  
  76  6:25  Zergling x12  
  82  6:31  Pneumatized Carapace  
  82  6:36  Centrifical Hooks  
  82  6:40  Drone x8  
  82  6:41  Overlord x2  
  90  6:51  Overlord x2  
  90  6:56  Baneling  
  90  6:57  Baneling x12  
  90  7:07  Drone x12  
  102  7:42  Extractor  
  101  7:48  Extractor  
  91  7:52  Hatchery  
  76  7:59  Zergling x4  
  76  8:00  Zergling x32  
  93  8:13  Zerg Melee Weapons Level 2  
  93  8:14  Zerg Ground Armor Level 2  
  93  8:21  Spire  
  92  8:30  Zergling x2  
  92  8:31  Zergling x16  
  101  8:56  Drone  
  101  9:00  Queen  
  104  9:04  Zergling x14  
  104  9:05  Zergling x10  
  104  9:07  Baneling x2  
  104  9:08  Baneling x25  
  116  9:48  Mutalisk  
  116  9:50  Overlord x14  
  118  9:55  Zerg Flyer Weapons Level 1  
  118  10:14  Drone  
  118  10:15  Drone x12  
  118  10:19  Mutalisk x5  
  141  10:34  Mutalisk x6  
  118  11:11  Mutalisk  
  118  11:12  Mutalisk x5  
  118  11:14  Zergling x16  
  128  11:21  Extractor, Drone x2  
  128  11:23  Extractor  
  128  11:28  Infestation Pit  
  127  11:36  Mutalisk x3  
  127  11:39  Zergling x10  
  138  12:08  Mutalisk x6  
  138  12:11  Zergling x16  
  158  12:17  Hatchery  
  158  12:20  Hive  
  157  12:23  Zerg Flyer Weapons Level 2  
  157  12:30  Zergling x2  
  157  12:31  Zergling x28  
  172  12:55  Zergling x28  
  172  12:58  Baneling x21  
  186  12:59  Baneling x12  
  186  13:00  Baneling  
  186  13:09  Zergling x2  
  186  13:10  Zergling x14  
  194  13:17  Zergling x2  
  194  13:18  Zergling x10  
  137  13:40  Zergling x2  
  137  13:41  Zergling x30  
  106  13:55  Zerg Ground Armor Level 3, Zerg Melee Weapons Level 3  
  106  13:56  Zergling x22  
  117  14:11  Drone x3  
  117  14:12  Drone x2  
  117  14:13  Drone  
  117  14:16  Zergling x10  
  128  14:19  Baneling  
  128  14:20  Baneling x15  
  128  14:44  Zerg Flyer Armor Level 1  
  128  14:46  Zergling x2  
  128  14:47  Zergling x28  
  128  14:48  Zergling x6  
  146  14:52  Baneling  
  146  14:53  Baneling x14  
  146  14:54  Baneling x6  
  146  14:56  Zergling x4  
  148  15:20  Zergling x2  
  148  15:21  Zergling x24  
  161  15:59  Zergling x12  
  161  16:00  Zergling x32  
  183  16:09  Zergling x2  
  172  16:39  Extractor  
  171  16:43  Extractor  
  106  16:55  Zergling x4  
  106  16:56  Zergling x50  
  120  17:03  Ultralisk Cavern  
  120  17:07  Drone  
  120  17:14  Drone x2  
  113  17:23  Zergling x14  
  113  17:29  Zergling x4  
  125  17:30  Zergling x6  
  121  17:43  Zergling x10  
  126  17:47  Baneling  
  126  17:48  Baneling x26  
  126  17:49  Zergling x2  
  126  17:50  Zergling x18  
  136  18:09  Zergling x2  
  136  18:10  Zergling x18  
  146  18:29  Hatchery  
Show
View Real Time Build Order
Export as new Build Order

DavidJChen Terran 

Build Orders:  

Get SALT Encoding   

  12  0:00  SCV  
  13  0:12  SCV  
  14  0:19  Supply Depot  
  14  0:25  SCV  
  15  0:40  SCV  
  15  0:42  Barracks  
  16  0:49  Refinery  
  16  0:52  SCV  
  17  1:04  SCV  
  17  1:05  Barracks  
  18  1:17  SCV  
  19  1:22  Barracks  
  19  1:29  SCV  
  20  1:33  Reaper  
  20  1:38  Refinery  
  21  1:46  Supply Depot  
  21  1:49  SCV  
  22  1:56  Reaper  
  23  2:06  Orbital Command  
  23  2:25  Reaper x2  
  25  2:38  Marine  
  26  2:56  Command Center  
  26  2:59  SCV  
  27  3:07  Supply Depot  
  27  3:09  Reaper  
  27  3:11  SCV  
  28  3:34  Marine  
  28  3:35  Marine  
  30  3:41  Marine  
  30  3:42  SCV  
  30  3:43  Factory  
  30  3:47  Supply Depot  
  32  4:06  Barracks Tech Lab  
  32  4:07  Barracks Reactor x2  
  32  4:13  Orbital Command  
  32  4:16  SCV  
  33  4:28  SCV  
  33  4:29  Stimpack, Factory Reactor  
  34  4:33  Engineering Bay  
  34  4:39  Engineering Bay, Starport  
  34  4:40  SCV  
  35  4:46  Marine x4  
  35  4:47  Marauder  
  35  4:52  Supply Depot  
  41  4:58  SCV  
  41  4:59  Supply Depot  
  42  5:01  SCV  
  43  5:14  Marine  
  43  5:15  Marine x3  
  43  5:16  Marauder  
  43  5:18  SCV  
  43  5:19  SCV  
  51  5:33  Terran Infantry Weapons Level 1  
  51  5:34  Terran Infantry Armor Level 1, Barracks  
  51  5:39  SCV x2  
  53  5:45  Marine x4  
  53  5:46  Marine  
  58  5:51  SCV  
  59  6:06  Missile Turret  
  59  6:08  SCV x2  
  59  6:10  Medivac x2  
  65  6:15  Missile Turret  
  65  6:24  Barracks Reactor  
  64  6:30  Armory  
  64  6:35  SCV  
  64  6:36  SCV  
  64  6:39  Command Center  
  66  6:44  Marine x4  
  70  6:47  Marauder  
  70  6:49  Medivac x2  
  70  6:53  SCV  
  77  6:59  Supply Depot  
  77  7:00  Supply Depot  
  77  7:03  Missile Turret  
  77  7:09  SCV  
  77  7:10  Missile Turret  
  78  7:16  Marine  
  78  7:17  SCV, Marine x2  
  78  7:18  Marine  
  78  7:22  SCV  
  84  7:26  Refinery, Marine  
  84  7:29  Medivac x2  
  89  7:37  SCV  
  89  7:38  SCV  
  89  7:44  Refinery  
  91  7:46  Marine x5  
  91  7:48  Marauder  
  72  7:59  Marine  
  72  8:04  Marine x3  
  72  8:05  Marine x2  
  74  8:06  Terran Infantry Weapons Level 2  
  74  8:08  Marine  
  75  8:16  Orbital Command  
  75  8:17  Marine  
  75  8:18  SCV  
  77  8:20  SCV  
  77  8:22  Marine x3  
  81  8:30  SCV  
  82  8:35  Bunker  
  82  8:40  Bunker  
  82  8:42  Marine x2  
  82  8:43  Marine  
  82  8:48  Marine x3  
  86  8:49  Terran Infantry Armor Level 2  
  88  8:55  Missile Turret  
  88  8:56  Missile Turret  
  88  9:08  Marine x5  
  88  9:09  Marine  
  94  9:10  Marauder  
  94  9:12  SCV  
  97  9:19  Refinery, SCV x2  
  99  9:28  Marine x5  
  99  9:29  Marine  
  105  9:32  Marauder  
  105  9:35  Medivac x2  
  105  9:37  SCV  
  112  9:46  Factory Tech Lab  
  112  9:47  Armory  
  112  9:48  Marine x5  
  117  9:56  Supply Depot  
  117  9:57  Supply Depot  
  117  9:58  Marine  
  118  10:01  Supply Depot  
  118  10:05  Supply Depot  
  118  10:25  Marine x6  
  118  10:27  Marauder  
  126  10:30  Thor  
  132  10:41  Barracks  
  132  10:42  Terran Infantry Weapons Level 3, Marine  
  132  10:43  Marine x4  
  132  10:46  Barracks  
  132  10:48  Marauder  
  139  10:51  Marine  
  140  11:00  Marine x2  
  140  11:01  Marine x2  
  140  11:02  Marine  
  140  11:03  Orbital Command  
  129  11:08  Marine  
  129  11:09  Marauder  
  102  11:18  Marine  
  102  11:19  Marine x3  
  102  11:20  Marine  
  107  11:26  Marine  
  107  11:29  SCV x3  
  107  11:30  Marine  
  112  11:41  SCV x2  
  112  11:42  SCV  
  112  11:44  Marine x3  
  112  11:45  Marine x3  
  121  11:53  SCV x2  
  121  11:54  SCV  
  124  12:01  Thor  
  130  12:05  SCV  
  130  12:06  SCV  
  132  12:09  Marine x5  
  132  12:10  Marine  
  132  12:12  Barracks Reactor  
  132  12:13  Barracks Reactor  
  138  12:20  Marine  
  139  12:31  SCV x3  
  139  12:34  Marine x6  
  148  12:43  SCV  
  149  12:45  Refinery, SCV x2  
  149  12:47  Thor  
  157  13:00  Supply Depot  
  157  13:03  SCV x2, Marine x6  
  165  13:25  Marine  
  165  13:26  Marine x7  
  173  13:27  Marine x2  
  173  13:30  Refinery  
  104  13:44  Marine x5  
  104  13:45  Marine x4  
  104  13:46  Marauder  
  104  13:48  Thor  
  121  13:53  Refinery  
  121  14:04  Marine x9  
  121  14:06  Marine  
  131  14:10  Command Center  
  131  14:31  Marine x6  
  131  14:32  Marine x3  
  131  14:33  Marine  
  131  14:34  Marauder  
  131  14:38  Medivac x2  
  147  14:49  Marine x5  
  147  14:50  Marine x4  
  147  14:51  Marine  
  157  14:55  Marauder  
  159  15:07  Thor  
  159  15:12  Marine  
  159  15:13  Marine x6  
  159  15:14  Marine x3  
  175  15:27  Marine  
  176  15:30  Marine x2  
  176  15:31  Marine x5  
  183  15:35  Refinery  
  183  15:47  Marine x2  
  183  15:49  Terran Infantry Armor Level 3  
  169  16:10  Marine x4  
  169  16:11  Marine x5  
  174  16:12  Marauder  
  179  16:21  Marine  
  179  16:25  Hellbat  
  182  16:28  Marine x4  
  70  17:10  Marine x4  
  70  17:11  Marine x3  
  77  17:50  Command Center  
  77  17:55  Marine  
  77  17:56  Marine x6  
  77  17:57  Marine x2  
  86  18:32  Marine  
  86  18:33  Marine x3  
Tags
 
Composition
Muta Ling Bane
League
Platinum
Matchup
TvZ
Spawn Locations
Cross Positions
Add a new tag
Caveats
  • Supply blocks, unpowered buildings, or Contaminate may cause inaccurate times.
  • Supply counts are checked every 10 seconds.